Map: Thunderbird LE

Players

Paradise

  • Race: Terran Terran
  • League: Diamond
  • Spawn Location: 5:00

TheKid - Winner!

  • Race: Zerg Zerg
  • League: Platinum
  • Spawn Location: 11:00

VOD

Have the link to the VOD?

Description

Time

  • Played on: July 7, 2019, 8:01 a.m.
  • Length: 16:15
Show
View Real Time Build Order
Export as new Build Order

Paradise Terran 

Build Orders: Liberator Opening 

Get SALT Encoding   

  12  0:00  SCV  
  13  0:12  SCV  
  14  0:19  Supply Depot  
  14  0:25  SCV  
  15  0:41  SCV  
  16  0:43  Barracks  
  16  0:47  Refinery  
  16  0:53  SCV  
  17  1:05  SCV  
  18  1:17  SCV  
  19  1:29  SCV  
  20  1:34  Reaper  
  21  1:43  Command Center  
  21  1:46  Orbital Command  
  21  2:06  Barracks Reactor  
  21  2:15  SCV  
  22  2:24  Supply Depot  
  22  2:26  Factory  
  22  2:29  SCV  
  23  2:32  Refinery  
  23  2:47  Marine x2  
  25  2:58  Orbital Command  
  24  3:05  SCV  
  25  3:12  Supply Depot  
  25  3:16  Starport  
  25  3:18  Hellion x2  
  25  3:19  SCV  
  30  3:26  Barracks Reactor  
  28  3:36  Bunker  
  28  3:38  Liberator  
  28  3:40  Hellion x2  
  29  4:01  Barracks x2  
  29  4:09  Hellion x2  
  33  4:14  Marine  
  33  4:16  SCV  
  35  4:19  SCV  
  36  4:24  Marine  
  36  4:30  SCV  
  38  4:31  SCV  
  39  4:42  SCV  
  39  4:43  SCV  
  41  4:51  Starport Reactor  
  39  4:53  Barracks Reactor  
  39  4:54  SCV, Barracks Reactor  
  39  4:56  SCV  
  39  5:06  SCV  
  40  5:08  SCV  
  37  5:18  SCV  
  37  5:20  SCV  
  38  5:25  Engineering Bay  
  38  5:27  Command Center  
  38  5:28  Engineering Bay  
  38  5:30  SCV  
  38  5:31  Refinery  
  38  5:32  SCV  
  39  5:42  SCV, Marine x2  
  38  5:44  Hellion  
  38  5:47  Marine x2  
  38  5:48  SCV  
  44  5:52  Terran Infantry Weapons Level 1  
  44  5:54  SCV  
  45  5:59  Terran Infantry Armor Level 1  
  45  6:00  SCV  
  45  6:03  Supply Depot  
  46  6:06  SCV  
  46  6:08  Liberator  
  46  6:11  Hellion x2  
  51  6:13  SCV  
  52  6:18  SCV  
  52  6:25  SCV  
  57  6:28  Marine x2  
  57  6:30  SCV  
  60  6:34  Refinery  
  60  6:40  Barracks x2  
  60  6:59  Hellion  
  60  7:00  Hellion  
  64  7:02  Orbital Command  
  64  7:03  Barracks Tech Lab, Barracks  
  64  7:04  Marine  
  64  7:06  Factory  
  64  7:07  SCV x2  
  64  7:08  Marine x2  
  68  7:11  Marine  
  70  7:19  SCV x2, Missile Turret  
  70  7:20  Missile Turret, Refinery  
  72  7:23  Refinery  
  72  7:24  Supply Depot  
  72  7:26  Supply Depot  
  72  7:28  Barracks Reactor  
  72  7:30  Barracks Tech Lab  
  72  7:32  Marine  
  72  7:34  Marine  
  74  7:37  Supply Depot  
  74  7:39  SCV  
  75  7:52  Factory Tech Lab  
  75  7:53  Armory  
  75  7:55  Combat Shield  
  75  7:56  Stimpack  
  75  7:58  SCV, Missile Turret  
  76  7:59  Marine x2  
  76  8:00  Marauder  
  76  8:01  Medivac  
  76  8:03  Medivac  
  85  8:05  SCV  
  85  8:10  Marine x2  
  85  8:11  Marauder  
  89  8:13  SCV x2  
  89  8:17  SCV  
  92  8:24  Supply Depot  
  92  8:25  SCV, Marine x2  
  95  8:31  Medivac  
  95  8:32  Marine  
  95  8:33  Marauder  
  100  8:37  Supply Depot  
  100  8:39  Supply Depot, Marine  
  101  8:51  Marine  
  101  8:52  Marauder  
  104  8:59  Marine x2, Marauder  
  89  9:03  Marine  
  89  9:06  Siege Tank  
  92  9:13  Concussive Shells, Marauder  
  92  9:16  SCV  
  93  9:21  Terran Vehicle Weapons Level 1  
  93  9:26  SCV  
  93  9:27  Terran Infantry Weapons Level 2, Terran Infantry Armor Level 2  
  93  9:30  Marine  
  95  9:38  Siege Tank  
  98  9:39  Marine, Marauder  
  98  9:40  Command Center  
  101  9:46  SCV  
  102  9:53  Widow Mine  
  102  9:56  SCV x2  
  102  9:59  Marine  
  109  10:00  Marauder  
  109  10:02  SCV  
  110  10:08  SCV x2  
  110  10:10  Siege Tank  
  115  10:17  Marine x2, Marauder  
  115  10:21  Marauder  
  115  10:27  Marine x2  
  105  10:30  Marine  
  105  10:33  SCV x2  
  106  10:39  Marauder  
  106  10:40  Factory Tech Lab  
  106  10:42  Siege Tank, Marauder  
  113  10:49  Supply Depot  
  113  10:50  Supply Depot  
  113  10:53  Marine x3  
  113  10:54  Marine  
  117  10:59  Marine  
  117  11:00  Marauder  
  117  11:02  Armory  
  117  11:04  Marauder  
  122  11:07  Marine  
  122  11:10  Marine  
  124  11:13  Marine, Barracks  
  124  11:14  Siege Tank, Marine  
  124  11:15  Marine, Barracks  
  124  11:16  Terran Vehicle And Ship Armor Level 1  
  130  11:20  Marine  
  130  11:22  Marauder  
  130  11:25  Marine, Marauder  
  136  11:28  Marine  
  136  11:31  Marine  
  136  11:32  Marine  
  139  11:33  Marine  
  139  11:38  Marine  
  139  11:39  Medivac  
  141  11:40  Medivac  
  141  11:42  Orbital Command  
  141  11:43  Marine, Marauder  
  141  11:46  Siege Tank, Marine, Marauder  
  147  11:49  Marine  
  147  11:50  Marine  
  147  11:52  Marine  
  136  11:56  Marine  
  136  12:01  Marine  
  133  12:03  Barracks Tech Lab  
  133  12:04  Marine, Marauder  
  133  12:08  Marauder  
  138  12:09  Marine x2  
  138  12:13  Supply Depot x2, Terran Infantry Weapons Level 3  
  140  12:19  Widow Mine  
  142  12:26  Marauder  
  142  12:29  Marauder  
  146  12:33  Starport  
  146  12:35  Starport, Marine  
  146  12:36  Marauder  
  138  12:38  Marine x2  
  138  12:42  Marine  
  139  12:47  Marine, Marauder  
  139  12:48  Marine  
  139  12:50  Marine  
  139  12:51  Marauder  
  134  12:57  Marauder  
  119  13:02  Fusion Core  
  119  13:08  Refinery, Marauder  
  119  13:09  Refinery  
  119  13:11  Thor, Siege Tank  
  119  13:12  Marauder  
  132  13:13  Starport Tech Lab  
  132  13:17  Supply Depot  
  132  13:18  Starport Tech Lab, Marauder  
  131  13:30  Medivac x2, Marauder  
  131  13:33  Marauder  
  118  13:34  Banshee  
  118  13:35  Marine x3  
  118  13:37  Marine x2  
  118  13:40  Marauder  
  128  13:45  Marine x2  
  128  13:48  Marine  
  131  13:51  Siege Tank, Marauder  
  131  13:55  Marauder  
  138  14:01  Marauder  
  140  14:03  Battlecruiser  
  140  14:07  Supply Depot  
  146  14:13  Marauder  
  146  14:16  Marauder  
  141  14:17  Banshee  
  141  14:23  Marauder  
  144  14:33  Command Center  
  144  14:34  Marauder  
  144  14:36  Missile Turret  
  144  14:37  Marine  
  144  14:38  Marauder  
  149  14:52  Marine x3  
  150  14:53  Sensor Tower  
  150  14:54  Marine  
  150  14:55  Marauder  
  149  15:10  Supply Depot  
  149  15:12  Supply Depot  
  144  15:31  SCV, Marine x2  
  144  15:32  Marauder  
  144  15:33  Marine  
  150  15:45  Supply Depot x2, Marine  
Show
View Real Time Build Order
Export as new Build Order

TheKid Zerg - Winner!

Build Orders: Hatch First, Roach Hydra, Swarm Host 

Get SALT Encoding   

  12  0:01  Drone  
  13  0:12  Overlord  
  13  0:16  Drone  
  14  0:31  Drone x2  
  14  0:34  Drone  
  17  0:54  Hatchery  
  17  0:55  Drone  
  17  1:09  Spawning Pool  
  16  1:11  Extractor  
  16  1:13  Extractor  
  16  1:15  Drone  
  15  1:20  Drone  
  15  1:23  Drone  
  17  1:28  Drone  
  18  1:41  Overlord  
  18  1:56  Queen  
  18  1:58  Metabolic Boost  
  20  2:09  Queen  
  20  2:13  Drone  
  23  2:20  Zergling x2  
  23  2:21  Zergling x2  
  23  2:22  Zergling x2  
  26  2:26  Drone  
  26  2:29  Drone  
  28  2:32  Drone  
  28  2:35  Drone  
  30  2:45  Lair  
  30  2:49  Drone  
  29  2:51  Drone  
  29  2:53  Drone  
  29  2:58  Drone  
  32  3:02  Drone  
  33  3:06  Overlord  
  33  3:26  Evolution Chamber  
  32  3:27  Evolution Chamber  
  32  3:29  Roach Warren  
  30  3:42  Drone x4  
  31  3:57  Zerg Missile Weapons Level 1, Zerg Ground Armor Level 1  
  31  4:00  Drone x5  
  36  4:04  Extractor  
  36  4:05  Extractor  
  36  4:09  Glial Reconstitution  
  34  4:15  Drone  
  34  4:16  Drone x2  
  37  4:31  Roach, Hydralisk Den  
  36  4:33  Roach  
  36  4:37  Roach  
  38  4:39  Roach  
  37  4:47  Roach  
  38  5:02  Muscular Augments  
  38  5:08  Drone  
  38  5:09  Drone x2  
  38  5:10  Drone  
  39  5:23  Drone  
  39  5:24  Drone  
  39  5:37  Drone x2  
  40  5:43  Drone, Spore Crawler  
  40  5:50  Hydralisk  
  40  5:54  Drone  
  40  5:56  Drone  
  44  6:03  Spore Crawler  
  43  6:08  Overlord  
  43  6:11  Overlord  
  43  6:22  Grooved Spines  
  43  6:28  Drone x3  
  43  6:29  Drone x2  
  48  6:45  Zerg Missile Weapons Level 2  
  48  6:46  Zerg Ground Armor Level 2  
  48  6:51  Hydralisk  
  50  6:55  Hydralisk  
  50  6:59  Hydralisk  
  54  7:03  Hydralisk  
  56  7:08  Drone  
  56  7:09  Drone x2  
  56  7:11  Drone  
  60  7:16  Overlord  
  60  7:23  Overlord x2  
  60  7:40  Overlord  
  60  7:42  Hydralisk  
  62  7:45  Hatchery  
  62  7:46  Hydralisk  
  63  7:51  Drone  
  63  7:52  Drone  
  63  7:54  Drone  
  63  7:55  Hydralisk  
  68  7:59  Hydralisk  
  68  8:02  Hydralisk  
  72  8:06  Hydralisk  
  72  8:09  Hydralisk  
  76  8:13  Hydralisk  
  76  8:17  Hydralisk  
  80  8:20  Hydralisk  
  80  8:23  Hydralisk  
  84  8:31  Overlord x2  
  84  8:41  Overlord x2  
  84  8:51  Roach  
  84  8:52  Roach x4  
  92  8:58  Hydralisk  
  94  9:08  Drone x8  
  94  9:09  Drone  
  103  9:23  Drone  
  104  9:24  Infestation Pit  
  103  9:38  Drone x5  
  103  9:39  Drone x3  
  103  9:41  Overlord x2  
  103  9:42  Extractor  
  110  9:46  Extractor  
  110  9:49  Drone  
  110  9:50  Drone x3  
  113  10:07  Hydralisk  
  113  10:08  Hydralisk x6  
  125  10:29  Queen  
  127  10:40  Queen  
  129  10:42  Hydralisk  
  129  10:43  Hydralisk x3  
  129  10:46  Overlord  
  129  10:47  Overlord x8  
  137  10:52  Hatchery  
  137  10:53  Drone  
  137  10:54  Lurker Den  
  137  10:55  Drone  
  137  11:00  Drone x2, Spore Crawler  
  137  11:01  Spore Crawler  
  137  11:08  Pneumatized Carapace  
  137  11:19  Roach  
  137  11:20  Roach x5  
  145  11:35  Swarm Host x6  
  161  11:59  Swarm Host x5  
  174  12:02  Drone  
  174  12:03  Drone x2  
  177  12:19  Infestor  
  177  12:21  Swarm Host x2  
  172  13:00  Drone x3  
  175  13:07  Nydus Network  
  175  13:10  Hatchery  
  175  13:12  Nydus Network  
  172  13:17  Queen  
  172  13:18  Drone  
  157  13:45  Burrow  
  157  13:48  Hydralisk x6  
  157  13:49  Hydralisk x6  
  157  13:53  Nydus Canal x2  
  181  14:12  Hydralisk x6  
  193  14:27  Nydus Canal x2  
  193  14:35  Drone x2  
  193  14:36  Drone x5  
  200  15:15  Nydus Canal  
  200  15:16  Nydus Canal  
  196  15:49  Hydralisk x2  
  200  15:52  Overseer  
Tags
 
Add a new tag
Caveats
  • Supply blocks, unpowered buildings, or Contaminate may cause inaccurate times.
  • Supply counts are checked every 10 seconds.